 Dungeon Crawl Stone Soup version 0.30-a0-948-g4fa250aae5 (webtiles) character file.

Game seed: 9975801796103275590

248 billz999 the Vexing (level 6, -6/43 (47) HPs)
             Began as a Gnoll Hexslinger on Mar 26, 2023.
             Was a Follower of Nemelex Xobeh.
             Mangled by a kobold brigand
             ... wielding a +2 whip of draining
              (9 damage)
             ... on level 5 of the Dungeon.
             The game lasted 00:05:46 (2738 turns).

billz999 the Vexing (Gnoll Hexslinger)              Turns: 2738, Time: 00:05:47

HP:   -6/43 (47)    AC:  7    Str:  9    XL:     6   Next: 12%
MP:   10/11         EV: 13    Int: 15    God:    Nemelex Xobeh [*.....]
Gold: 256           SH:  0    Dex: 12    Spells: 3/11 levels left

rFire   . . .      SeeInvis .    e - +4 long sword
rCold   . . .      Faith    .    (no shield)
rNeg    . . .      Spirit   .    c - +0 robe
rPois   .          Reflect  .    d - +2 hat
rElec   .          Rampage  .    m - +0 cloak
rCorr   .                        y - +0 pair of gloves
Will    .....                    o - +0 pair of boots
Stlth   ++                       (no amulet)
HPRegen 0.27/turn                w - ring of wizardry
MPRegen 0.12/turn                (no ring)

@: hasted and slowed, drained
A: fangs 1, strong nose, distributed training
a: Renounce Religion, Draw Escape, Draw Destruction, Draw Summoning


You were on level 5 of the Dungeon.
You worshipped Nemelex Xobeh.
Nemelex Xobeh was aware of your devotion.
You visited 1 branch of the dungeon, and saw 5 of its levels.

You collected 256 gold pieces.

Inventory:

Hand Weapons
 a - a +1 sling
 e - a +4 long sword (weapon)
 v - a +0 dagger of venom
Missiles
 q - 5 boomerangs
Armour
 c - a +0 robe (worn)
 d - a +2 hat (worn)
 m - a +0 cloak (worn)
 o - a +0 pair of boots (worn)
 y - a +0 pair of gloves (worn)
Magical Staves
 t - a staff of air
Jewellery
 w - a ring of wizardry (left hand)
Scrolls
 b - a scroll of poison
 h - 2 scrolls of noise
 j - a scroll of fog
 n - a scroll of butterflies {unknown}
 p - 2 scrolls of vulnerability {unknown}
 u - a scroll of enchant weapon {unknown}
 x - a scroll of magic mapping {unknown}
 z - a scroll of teleportation {unknown}
 A - a scroll of fear {unknown}
 B - 2 scrolls of enchant armour {unknown}
Potions
 f - a potion of might {unknown}
 g - a potion of haste
 i - a potion of brilliance {unknown}
 k - 2 potions of curing
 l - a potion of cancellation {unknown}
 r - a potion of flight {unknown}
 s - a potion of mutation {unknown}


   Skills:
 + Level 3.2 Fighting
 + Level 1.9 Short Blades
 + Level 1.9 Long Blades
 + Level 1.9 Axes
 + Level 1.9 Maces & Flails
 + Level 1.9 Polearms
 + Level 1.9 Staves
 + Level 4.9 Ranged Weapons
 + Level 1.9 Throwing
 + Level 1.9 Armour
 + Level 4.9 Dodging
 + Level 1.9 Stealth
 + Level 1.9 Shields
 + Level 1.9 Unarmed Combat
 + Level 3.4 Spellcasting
 + Level 1.5 Conjurations
 + Level 5.6 Hexes
 + Level 1.5 Summonings
 + Level 1.5 Necromancy
 + Level 1.5 Translocations
 + Level 1.5 Transmutations
 + Level 1.5 Fire Magic
 + Level 1.5 Ice Magic
 + Level 1.5 Air Magic
 + Level 1.5 Earth Magic
 + Level 1.5 Poison Magic
 + Level 2.1 Invocations
 + Level 1.9 Evocations


You had 3 spell levels left.
You knew the following spells:

 Your Spells              Type           Power      Damage    Failure   Level
a - Slow                  Hex            76%        N/A       1%          1
b - Ensorcelled Hibernat  Hex/Ice        26%        N/A       2%          2
c - Blink                 Tloc           14%        N/A       6%          2
d - Portal Projectile     Hex/Tloc       26%        N/A       5%          3

Your spell library contained the following spells:

 Spells                   Type           Power      Damage    Failure   Level
 Confusing Touch          Hex            19%        N/A       2%          3
 Inner Flame              Hex/Fire       13%        N/A       5%          3
 Spider Form              Tmut/Pois      7%         N/A       12%         3
 Vampiric Draining        Necr           7%         2d6       12%         3
 Cause Fear               Hex            9%         N/A       8%          4
 Anguish                  Hex/Necr       6%         N/A       17%         4
 Manifold Assault         Tloc           7%         N/A       38%         4
 Storm Form               Tmut/Air       3%         N/A       100%        7


Dungeon Overview and Level Annotations

Branches:
Dungeon (5/15)
 Temple: D:4-7

Altars:
Nemelex Xobeh
Vehumet

Shops:
D:4 ?


Innate Abilities, Weirdness & Mutations

You have very sharp teeth.
Your uncanny sense of smell can sniff out nearby items.
Your experience applies equally to all skills.


Message History

You miss the kobold. The kobold hits you but does no damage.
You closely miss the kobold brigand.
The kobold brigand is lightly wounded.
The kobold brigand barely misses you. The kobold barely misses you.
The kobold hits you but does no damage.
You hit the kobold brigand. Your bite misses the kobold brigand.
The kobold brigand is moderately wounded.
The kobold brigand closely misses you. The kobold hits you but does no damage.
The kobold hits you with a +0 short sword.
The kobold brigand hits you but does no damage.
You feel drained. The kobold hits you with a +0 club.
The kobold hits you with a +0 short sword.
The kobold attacks as you move away! The kobold barely misses you.
The kobold hits you but does no damage.
You barely miss the kobold brigand. Your bite misses the kobold brigand.
The kobold brigand is moderately wounded.
The kobold brigand hits you with a +2 whip of draining.
* * * LOW HITPOINT WARNING * * *
You feel drained.
* * * LOW HITPOINT WARNING * * *
Unknown command.
You slash the kobold brigand!
You bite the kobold brigand, but do no damage.
The kobold brigand is severely wounded.
The kobold brigand hits you with a +2 whip of draining.
* * * LOW HITPOINT WARNING * * *
You feel drained.
* * * LOW HITPOINT WARNING * * *
The kobold barely misses you. x2
You barely miss the kobold brigand.
The kobold brigand is severely wounded.
The kobold brigand hits you with a +2 whip of draining.
* * * LOW HITPOINT WARNING * * *
You feel drained. The kobold hits you with a +0 club.
* * * LOW HITPOINT WARNING * * *
The kobold hits you with a +0 short sword.
* * * LOW HITPOINT WARNING * * *
The kobold brigand hits you with a +2 whip of draining!
You die...
Your body disappears without a glow.

..###### #########.......#.
#......#
###......##########
##..[..# #...........#
###....# #...........#
.......## #...........#
........### #...........#
..........####...K.......#
.......##.......KK.......#
.......######...@KK......#
..............#####......#
..............#####......#
..........†............).#
......................(..#
...........................
..............######.......
..............# ......
..............#


You could see a kobold brigand and 4 kobolds.

Vanquished Creatures
  3 scorpions (D:5)
  An adder (D:2)
  A worm (D:3)
  A dart slug (D:1)
  An orc (D:4)
  A ball python (D:4)
  7 endoplasms
  2 giant cockroaches
  4 goblins
  5 hobgoblins
  3 jackals (D:1)
  7 kobolds
  A quokka (D:1)
  3 bats
  4 frilled lizards
  5 rats
49 creatures vanquished.

Notes
Turn   | Place    | Note
-------+----------+-------------------------------------------
     0 | D:1      | billz999 the Gnoll Hexslinger began the quest for the Orb.
     0 | D:1      | Reached XP level 1. HP: 17/17 MP: 4/4
    29 | D:1      | Reached XP level 2. HP: 23/23 MP: 5/5
   211 | D:1      | Reached XP level 3. HP: 28/28 MP: 7/7
   295 | D:1      | Learned a level 2 spell: Ensorcelled Hibernation
   322 | D:1      | Reached skill level 1 in Invocations
   578 | D:2      | Reached skill level 1 in Short Blades
   578 | D:2      | Reached skill level 1 in Long Blades
   578 | D:2      | Reached skill level 1 in Axes
   578 | D:2      | Reached skill level 1 in Maces & Flails
   578 | D:2      | Reached skill level 1 in Polearms
   578 | D:2      | Reached skill level 1 in Staves
   578 | D:2      | Reached skill level 1 in Throwing
   578 | D:2      | Reached skill level 1 in Armour
   578 | D:2      | Reached skill level 1 in Stealth
   578 | D:2      | Reached skill level 1 in Shields
   578 | D:2      | Reached skill level 1 in Unarmed Combat
   578 | D:2      | Reached skill level 1 in Evocations
  1491 | D:3      | Found a sparkling altar of Nemelex Xobeh.
  1580 | D:3      | Became a worshipper of Nemelex Xobeh the Trickster
  1594 | D:3      | Reached XP level 4. HP: 34/34 MP: 8/8
  1610 | D:3      | Learned a level 2 spell: Blink
  1675 | D:3      | You fall into a shaft and drop 2 floors!
  1675 | D:5      | Entered Level 5 of the Dungeon
  1702 | D:5      | Found a radiant altar of Vehumet.
  1722 | D:4      | Found Oleopsuz's Magic Scroll Boutique.
  1794 | D:3      | Learned a level 3 spell: Portal Projectile
  2143 | D:5      | Noticed a scorpion
  2149 | D:5      | Killed a scorpion
  2150 | D:5      | Reached skill level 1 in Conjurations
  2150 | D:5      | Reached skill level 1 in Summonings
  2150 | D:5      | Reached skill level 1 in Necromancy
  2150 | D:5      | Reached skill level 1 in Translocations
  2150 | D:5      | Reached skill level 1 in Transmutations
  2150 | D:5      | Reached skill level 1 in Fire Magic
  2150 | D:5      | Reached skill level 1 in Ice Magic
  2150 | D:5      | Reached skill level 1 in Air Magic
  2150 | D:5      | Reached skill level 1 in Earth Magic
  2150 | D:5      | Reached skill level 1 in Poison Magic
  2150 | D:5      | Reached XP level 5. HP: 27/40 MP: 6/9
  2403 | D:5      | Identified the +7 sling of Abuse {drain, rElec Stlth+}
  2416 | D:5      | Reached * piety under Nemelex Xobeh
  2547 | D:5      | Received a gift from Nemelex Xobeh
  2613 | D:5      | Reached XP level 6. HP: 35/47 MP: 5/11
  2738 | D:5      | Mangled by a kobold brigand

Illustrated notes

Levels and vault maps discovered:
D:1:      spicycebolla_green_bress_n_ham, layout_rooms
D:2:      layout_basic
D:3:      layout_loops_ring, nemelex_spade_bored_becter
D:4:      layout_basic, mainiacjoe_overflow_concentric_impassable,
          mainiacjoe_overflow_alcove_4, serial_shops, nicolae_stop_n_shop_2,
          uniq_natasha
D:5:      layout_basic, lemuel_crystal_altar, slow_altar_1

Skill      XL: |  1  2  3  4  5 |
---------------+----------------+-----
Invocations    | 1 2 |  2.1
Short Blades   | 1 |  1.9
Long Blades    | 1 |  1.9
Axes           | 1 |  1.9
Maces & Flails | 1 |  1.9
Polearms       | 1 |  1.9
Staves         | 1 |  1.9
Throwing       | 1 |  1.9
Armour         | 1 |  1.9
Stealth        | 1 |  1.9
Shields        | 1 |  1.9
Unarmed Combat | 1 |  1.9
Evocations     | 1 |  1.9
Spellcasting   | 3 |  3.4
Conjurations   | 1 |  1.5
Summonings     | 1 |  1.5
Necromancy     | 1 |  1.5
Translocations | 1 |  1.5
Transmutations | 1 |  1.5
Fire Magic     | 1 |  1.5
Ice Magic      | 1 |  1.5
Air Magic      | 1 |  1.5
Earth Magic    | 1 |  1.5
Poison Magic   | 1 |  1.5
Fighting       | 3 |  3.2
Ranged Weapons | |  4.9
Dodging        | |  4.9
Hexes          | |  5.6

Action                     |  1- 3 |  4- 6 || total
---------------------------+-------+-------++-------
  Melee: Dagger            |       |    10 ||    10
         Punch             |       |     1 ||     1
         Long sword        |       |     6 ||     6
         Bite              |       |     1 ||     1
   Fire: Sling             |   106 |    29 ||   135
   Cast: Slow              |     3 |       ||     3
         Ensorcelled Hiber |       |     5 ||     5
         Portal Projectile |       |     1 ||     1
    Use: Scroll            |     2 |       ||     2
         Potion            |       |     2 ||     2
   Stab: Sleeping          |       |     2 ||     2
 Armour: Robe              |     6 |     9 ||    15
  Dodge: Dodged            |    31 |    20 ||    51

Table legend: (Time is in decaauts)
 A = Elapsed time spent in this place.
 B = Non-inter-level travel time spent in this place.
 C = Inter-level travel time spent in this place.
 D = Time resting spent in this place.
 E = Time spent auto-exploring this place.
 F = Levels seen in this place.
 G = Mean time per level.
                   A        B        C        D        E       F      G
               +--------+--------+--------+--------+--------+-----+--------+
         Total |   2761 |   2646 |    115 |     64 |   2187 |   5 |  552.2 |
       Dungeon |   2761 |   2646 |    115 |     64 |   2187 |   5 |  552.2 |
               +--------+--------+--------+--------+--------+-----+--------+

Top non-repeatable levels by time:
     D:2: 975 daAuts
     D:3: 670 daAuts
     D:5: 656 daAuts
     D:1: 437 daAuts
     D:4: 20 daAuts
